 Dungeon Crawl Stone Soup version 0.29.0-4-gdea44cf6ec (webtiles) character file.

Game seed: 12983584843930984820

38 qw the Sneak (level 3, -2/17 HPs)
             Began as a Felid Delver on Aug 27, 2022.
             Slain by a hobgoblin
             ... wielding a +0 spear
              (4 damage)
             ... on level 2 of the Dungeon.
             The game lasted 00:00:10 (2132 turns).

qw the Sneak (Felid Delver)                         Turns: 2132, Time: 00:00:11

Health: -2/17      AC:  1    Str:  8    XL:     3   Next: 25%
Magic:  4/4        EV: 18    Int: 11    God:
Gold:   45         SH:  0    Dex: 19    Spells: 2/2 levels left
                                        Lives:  0   Deaths: 0

rFire   . . .      SeeInvis +     - Unarmed
rCold   . . .      Faith    .   (shield unavailable)
rNeg    . . .      Spirit   .   (body armour unavailable)
rPois   .          Reflect  .   (helmet unavailable)
rElec   .          Harm     .   (cloak unavailable)
rCorr   .          Rampage  .   (gloves unavailable)
Will    .....                   (boots unavailable)
Stlth   ++++......              (no amulet)
HPRegen 0.05/turn               (no ring)
MPRegen 0.09/turn               (no ring)

@: quick
A: very small, claws 1, fangs 3, see invisible, speed 1, shaggy fur 1, stealthy
paws, no weapons or thrown items, no armour, multi-lived
a: no special abilities


You were on level 2 of the Dungeon.
You visited 1 branch of the dungeon, and saw 5 of its levels.

You collected 45 gold pieces.


Innate Abilities, Weirdness & Mutations

You have sharp claws.
You have razor-sharp teeth.
You have supernaturally acute eyesight. (SInv)
You cover ground quickly. (Speed+)
You are covered in fur. (AC +1)
Your paws help you pounce on unaware monsters.
You are incapable of wielding weapons or throwing items.
You cannot wear armour.
You gain extra lives every three experience levels.


   Skills:
 - Level 3.0 Fighting
 - Level 3.0 Dodging
 - Level 6.6 Stealth
 + Level 3.6 Unarmed Combat


You had 2 spell levels left.
You didn't know any spells.
Your spell library was empty.

Inventory:

Wands
 e - a wand of digging (3)
Scrolls
 c - a scroll of silence {unknown}
Potions
 a - a potion of brilliance {unknown}
 b - a potion of heal wounds {unknown}
 d - a potion of haste
 f - 4 potions of curing {unknown}
 g - a potion of ambrosia {unknown}
 h - a potion of lignification {unknown}
 i - a potion of attraction {unknown}

Dungeon Overview and Level Annotations

Branches:
Dungeon (5/15)
 Temple: D:4-7

Altars:

Shops:
D:1 ?


Message History

A quokka comes into view.
A goblin comes into view. It is wielding a +0 dagger.
The quokka twitches its whiskers.
A worm comes into view.
Found a scale mail and 4 stones.
You closely miss the hobgoblin. The hobgoblin barely misses you.
The quokka closely misses you.
2120 ||| Stepping ~*~*~tactically~*~*~ (outnumbered).
You closely miss the quokka. The quokka completely misses you.
The quokka closely misses you. The quokka barely misses you.
You closely miss the quokka. The quokka completely misses you.
The quokka bites you.
You scratch the quokka.
You kill the quokka!
The quokka bites you.
2124 ||| Stepping ~*~*~tactically~*~*~ (outnumbered).
You scratch the quokka but do no damage.
The quokka bites you.
You scratch the quokka.
The quokka is heavily wounded.
The quokka closely misses you.
A hobgoblin comes into view. It is wielding a +0 spear.
The hobgoblin shouts!
You scratch the quokka.
The quokka is severely wounded.
The quokka completely misses you.
You scratch the quokka.
You kill the quokka!
You scratch the goblin but do no damage.
The hobgoblin misses you. The goblin hits you with a +0 dagger.
You scratch the goblin.
You kill the goblin!
The hobgoblin barely misses you.
You barely miss the hobgoblin. The hobgoblin barely misses you. x2
You claw the hobgoblin!
You kill the hobgoblin!
The hobgoblin hits you from afar with a +0 spear.
You die...

#...(....# #.......#
#........#########.......
#........>.........###...
.#........#########.......
[.........# ##.#.....
..........# #....##..
..........# ###...###.#
.......r########...#..##.#
#######w)@..#....####....
#####g..#### .....
#............###...
......#.######## ..#
...#.##.. ## ..... ####
....# .... ...


You could see a worm, a quokka and a hobgoblin.

Vanquished Creatures
  2 endoplasms
  3 giant cockroaches (D:1)
  3 goblins
  5 hobgoblins
  4 jackals (D:1)
  3 kobolds (D:1)
  2 quokkas (D:2)
  7 ball pythons
  A bat (D:1)
  2 frilled lizards (D:1)
  A rat (D:2)
33 creatures vanquished.

Notes
Turn   | Place    | Note
-------+----------+-------------------------------------------
     0 | D:5      | qw the Felid Delver began the quest for the Orb.
     0 | D:5      | Reached XP level 1. HP: 10/10 MP: 2/2
     0 | D:5      | 0 ||| qw: Version: 0.1-a-89-g26bdef1
     0 | D:5      | 0 ||| qw: Game counter: 61
     0 | D:5      | 0 ||| qw: Always use a shield: true
     0 | D:5      | 0 ||| qw: God list: Okawaru, Trog
     0 | D:5      | 0 ||| qw: Allow faded altars: false
     0 | D:5      | 0 ||| qw: Do Orc after D:15 true
     0 | D:5      | 0 ||| qw: Do second Lair branch before Depths: true
     0 | D:5      | 0 ||| qw: Lair rune preference: random
     0 | D:5      | 0 ||| qw: Plans: Normal
     0 | D:5      | 0 ||| PLANNING D:1-11
     0 | D:5      | 0 ||| DROPPING scroll of fog.
     1 | D:5      | 1 ||| DROPPING scroll of magic mapping.
     2 | D:5      | 2 ||| DROPPING scroll of fear.
   537 | D:1      | Reached XP level 2. HP: 14/14 MP: 3/3
   848 | D:1      | Reached skill level 3 in Unarmed Combat
  1008 | D:1      | Found Sysics's Magic Scroll Shoppe.
  1024 | D:1      | 1024 ||| SHOPLISTING 2 scrolls of identify (48 gold, have
                  | 16).
  1024 | D:1      | 1024 ||| SHOPLISTING scroll of identify (24 gold, have 16).
  1024 | D:1      | 1024 ||| SHOPLISTING scroll of teleportation (36 gold, have
                  | 16).
  1074 | D:1      | Reached skill level 3 in Dodging
  1098 | D:1      | 1098 ||| Stepping ~*~*~tactically~*~*~ (outnumbered).
  1100 | D:1      | 1100 ||| Stepping ~*~*~tactically~*~*~ (outnumbered).
  1101 | D:1      | 1101 ||| Stepping ~*~*~tactically~*~*~ (outnumbered).
  1580 | D:1      | 1580 ||| READING scroll labelled VIBLAGEOFOC.
  1581 | D:1      | 1581 ||| READING scroll labelled HIENARH IDUTZE.
  1582 | D:1      | 1582 ||| READING scroll labelled DIAXKEZ UNWY.
  1583 | D:1      | 1583 ||| READING scroll labelled EJUTTEO YLOUL.
  1584 | D:1      | 1584 ||| READING scroll labelled SUXEIM NEESAE.
  1634 | D:2      | 1634 ||| STAIRDANCE
  1640 | D:1      | Reached XP level 3. HP: 8/17 MP: 4/4
  1814 | D:2      | 1814 ||| STAIRDANCE
  2120 | D:2      | 2120 ||| Stepping ~*~*~tactically~*~*~ (outnumbered).
  2124 | D:2      | 2124 ||| Stepping ~*~*~tactically~*~*~ (outnumbered).
  2125 | D:2      | HP: 4/17 [quokka (4)]
  2129 | D:2      | HP: 1/17 [goblin/+0 dagger (3)]
  2132 | D:2      | Slain by a hobgoblin

Levels and vault maps discovered:
D:1:      eino_arrival_water_star, layout_loops_corners, serial_shops,
          nicolae_shop_advertising_works [nicolae_subvault_shop_adworks]
D:2:      layout_rooms
D:3:      layout_basic, amcnicky_altar_gilded, lemuel_tele_altar,
          basic_ecumenical_altar, corexii_hall_statues_i, minmay_circle_x
D:4:      layout_basic, slow_altar_1, minivault_11
D:5:      layout_rooms, nemelex_dance_club_becter, portal_sewer_entry_b

Skill      XL: |  1  2 |
---------------+-------+-----
Unarmed Combat | 3 |  3.6
Dodging        | 3 |  3.0
Fighting       | |  3.0
Stealth        | |  6.6

Action                   || total
-------------------------++-------
Melee: Unarmed           ||    82
       Bite              ||     5
  Use: Scroll            ||     5
 Stab: Sleeping          ||     5
Armor: Skin              ||     2
Dodge: Dodged            ||    57

Table legend:
 A = Non-vault XP
 B = Vault XP
 C = Vault XP percentage of total XP
 D = Non-vault monster count
 E = Vault monster count
 F = Vault count percentage of total count
                 A         B        C        D         E       F
            +---------+---------+-------+---------+---------+-------
      Total |      57 |       0 |   0.0 |      33 |       0 |   0.0
            +---------+---------+-------+---------+---------+-------
        D:1 |      39 |       0 |   0.0 |      23 |       0 |   0.0
        D:2 |      18 |       0 |   0.0 |      10 |       0 |   0.0
            +---------+---------+-------+---------+---------+-------
